 Dungeon Crawl Stone Soup version 0.21-a0-104-g7b58145 (webtiles) character file.

39130 Ijustatesigmund the Warrior (level 14, -5/162 HPs)
             Began as an Ogre Hunter on July 6, 2017.
             Was a High Priest of Okawaru.
             Slain by a six-headed hydra (6 damage)
             ... on level 1 of the Lair of Beasts.
             The game lasted 00:57:53 (19357 turns).

Ijustatesigmund the Warrior (Ogre Hunter)          Turns: 19357, Time: 00:57:53

Health: -5/162     AC:  7    Str: 23    XL:     14   Next: 5%
Magic:  23/23      EV: 12    Int: 14    God:    Okawaru [*****.]
Gold:   1012       SH:  0    Dex: 16    Spells: 9/13 levels left

rFire    . . .     SeeInvis .   U - +5 giant spiked club "Imoixa" {pain, MR+}
rCold    + . .     Gourm    .   (shield currently unavailable)
rNeg     . . .     Faith    .   A - +2 robe of Odabuufi {rElec Regen+}
rPois    +         Spirit   .   m - +2 hat
rElec    +         Reflect  .   r - scarf {repulsion}
rCorr    .         Harm     .   (gloves unavailable)
MR       ++...     Clarity  +   (boots unavailable)
Stlth    +++.......             s - amulet "Gorghako" {RegenMP +Inv Int+2}
HPRegen  0.77/turn              Q - ring of Gluttony {Str+4 Dex+3 Stlth+}
MPRegen  0.43/turn              D - ring of Qiskudaicu {+Fly rPois}

@: lethally poisoned (-5 -> -5), repel missiles
A: unfitting armour, horns 1, clarity, cold resistance 1, tough skin 1
a: Heroism, Finesse, Renounce Religion, Evoke Invisibility, Evoke Flight


You were on level 1 of the Lair of Beasts.
You worshipped Okawaru.
Okawaru was extremely pleased with you.
You were not hungry.

You visited 4 branches of the dungeon, and saw 17 of its levels.
You also visited: Ice Cave.

You collected 1240 gold pieces.
You spent 228 gold pieces at shops.

Inventory:

Hand Weapons
 a - a +0 whip
 i - a +8 club
 v - a +5 giant spiked club
 y - a +3 mace of protection
 H - a +1 great mace of venom
 U - the +5 giant spiked club "Imoixa" (weapon) {pain, MR+}
   (Okawaru gifted it to you on level 13 of the Dungeon)

   In the hands of one skilled in necromantic magic, it inflicts extra damage on
   living creatures.
   It affects your resistance to hostile enchantments.
Missiles
 g - 6 throwing nets
 w - 5 large rocks (quivered)
Armour
 m - a +2 hat (worn)
 r - a scarf of repulsion (worn)
 z - a +1 cloak of invisibility
 A - the +2 robe of Odabuufi (worn) {rElec Regen+}
   (You acquired it on level 8 of the Dungeon)

   It insulates you from electricity.
   It increases your rate of regeneration.
Jewellery
 e - an uncursed ring of ice
 h - an uncursed ring of fire
 j - an uncursed ring of see invisible
 q - an uncursed ring of protection from fire {unknown}
 s - the amulet "Gorghako" (around neck) {RegenMP +Inv Int+2}
   (You found it on level 4 of the Dungeon)

   [amulet of magic regeneration]

   It increases your magic regeneration.
   It affects your intelligence (+2).
   It lets you turn invisible.
 D - the ring of Qiskudaicu (right hand) {+Fly rPois}
   (You found it on level 7 of the Dungeon)

   [ring of flight]

   It protects you from poison.
   It lets you fly.
 Q - the ring of Gluttony (left hand) {Str+4 Dex+3 Stlth+}
   (You found it on level 10 of the Dungeon)

   [ring of stealth]

   It affects your strength (+4).
   It affects your dexterity (+3).
   It makes you more stealthy.
Wands
 b - a wand of acid (9/15)
 k - a wand of disintegration (5/24)
 x - a wand of random effects (21/48)
 G - a wand of acid (6/15)
 K - a wand of random effects (36/48)
 M - a wand of polymorph (3/24)
 P - a wand of iceblast (9/15)
 T - a wand of clouds (5/9)
Scrolls
 d - 2 scrolls of recharging
 n - a scroll of teleportation
 p - 3 scrolls of magic mapping
 t - a scroll of fog
 B - 2 scrolls of immolation
 F - a scroll of identify
 I - 5 scrolls of remove curse
 N - a scroll of blinking {unknown}
Potions
 c - 2 potions of magic
 l - a potion of cancellation
 o - 6 potions of brilliance
 C - 2 potions of might
 E - a potion of curing
 J - 3 potions of flight
Books
 S - a book of Unlife

   Spells                             Type                      Level
   a - Recall                         Summoning/Translocation      3
   b - Animate Dead                   Necromancy                   4
   c - Control Undead                 Necromancy                   4
   d - Cigotuvi's Embrace             Necromancy                   5
   e - Death Channel                  Necromancy                   6
   f - Simulacrum                     Ice/Necromancy               6
Comestibles
 f - 3 bread rations
 u - 6 meat rations
 L - 3 fruits


   Skills:
 - Level 16.2 Fighting
 - Level 11.7 Maces & Flails
 - Level 6.5 Throwing
 - Level 3.2 Armour
 - Level 4.2 Dodging
 - Level 0.6 Stealth
 + Level 4.7 Necromancy
 - Level 13.0 Invocations


You had 9 spell levels left.
You knew the following spells:

 Your Spells              Type           Power        Failure   Level  Hunger
a - Animate Dead          Necr           N/A          38%         4    #####..


Dungeon Overview and Level Annotations

Branches:
Dungeon (13/15)            Temple (1/1) D:6            Lair (1/6) D:9
    Orc (2/2) D:12            Elf (0/3) Orc:2
 Vaults: D:13-14

Altars:
Ashenzari
Cheibriados
Dithmenos
Elyvilon
Fedhas
Gozag
Hepliaklqana
Kikubaaqudgha
Makhleb
Nemelex Xobeh
Okawaru
Qazlal
Ru
Sif Muna
Trog
Uskayaw
Vehumet
Wu Jian
Xom
Yredelemnul
Zin
The Shining One

Shops:
D:4 ?   D:5 }   D:8 =   D:12 [


Innate Abilities, Weirdness & Mutations

You are too large for most types of armour.
You have tough skin. (AC +1)
You have a pair of small horns on your head.
You possess an exceptional clarity of mind.
Your flesh is cold resistant. (rC+)


Message History

You headbutt the six-headed hydra.
The six-headed hydra is severely wounded.
The six-headed hydra bites you but does no damage.
The six-headed hydra misses you. The six-headed hydra bites you!
* * * LOW HITPOINT WARNING * * *
The six-headed hydra barely misses you. The six-headed hydra bites you.
* * * LOW HITPOINT WARNING * * *
The six-headed hydra misses you.
You thump the six-headed hydra!
The six-headed hydra writhes in agony.
The six-headed hydra is almost dead.
The six-headed hydra barely misses you. x2; The six-headed hydra bites you!
* * * LOW HITPOINT WARNING * * *
The six-headed hydra barely misses you. The six-headed hydra bites you.
* * * LOW HITPOINT WARNING * * *
The six-headed hydra bites you.
* * * LOW HITPOINT WARNING * * *
The six-headed hydra bites you!
* * * LOW HITPOINT WARNING * * *
The six-headed hydra bites you.
You die...

.#####≈≈≈≈≈≈≈....#
.#..≈#≈≈≈≈≈≈P.≈≈≈#
.#..≈#≈≈≈≈≈...####
.+...........≈'.≈#
.#..≈#≈≈≈≈.≈≈≈#≈≈#
..P≈≈#≈≈≈≈≈#####'#
.#####≈≈≈≈≈#≈.#≈.#
(...≈≈≈≈≈P.#≈....#
÷...≈≈≈≈≈.≈#####@#
....≈≈≈≈≈..#P.≈≈D#
..P≈≈≈≈≈≈..#.≈..≈#
..P≈≈≈≈≈ #..≈≈P#
...≈≈≈≈≈ #.P.≈≈#
...≈≈≈≈≈ #.P.≈≈#
..P≈≈≈≈≈ .≈≈P≈P#
###≈≈≈≈≈ ########
#####


You could see a six-headed hydra.

Vanquished Creatures
  Gastronok (D:8)
  A frost giant (IceCv)
  Josephine (D:12)
  Erolcha (D:10)
  Harold (D:12)
  Fannar (D:10)
  2 hydras
  Erica (D:10)
  A centaur warrior (D:13)
  3 two-headed ogres
  Urug (D:10)
  A shock serpent (D:12)
  Sonja (D:13)
  An unseen horror (D:10)
  2 ugly things (D:12)
  2 orc sorcerers
  A manticore (D:11)
  2 ice statues (IceCv)
  A black mamba (Lair:1)
  Psyche (D:8)
  A centaur zombie (D:11)
  Joseph (D:7)
  2 gargoyles
  3 spiny frogs (Lair:1)
  2 komodo dragons
  7 trolls
  A hornet (D:10)
  12 polar bears (IceCv)
  Prince Ribbit (D:4)
  5 raiju (D:12)
  5 hippogriffs
  5 wraiths
  A shadow (D:12)
  A water elemental (D:13)
  Eustachio (D:5)
  23 yaks
  A basilisk (Lair:1)
  2 wargs (Orc:1)
  3 water moccasins
  12 orc warriors
  A porcupine (Lair:1)
  A black bear (D:9)
  2 sky beasts (D:10)
  8 ice beasts (D:11)
  8 ogres
  An eye of draining (D:10)
  12 wolves (IceCv)
  2 phantoms
  3 centaurs
  9 crocodiles
  A big kobold (D:11)
  15 bullfrogs
  4 scorpions (D:12)
  3 wights (D:8)
  12 killer bees
  5 howler monkeys
  An electric eel (D:13)
  4 crimson imps
  A quasit (D:13)
  7 bullfrog zombies
  6 jellies
  Crazy Yiuf (D:5)
  10 hounds
  4 bullfrog skeletons
  Terence (D:3)
  8 orc priests
  3 centaur skeletons
  2 iguanas (D:6)
  8 orc wizards
  6 worker ants
  2 worker ant zombies
  Robin (D:2)
  13 gnolls
  13 adders
  A river rat (D:10)
  4 shadow imps
  An ooze (D:2)
  3 worms
  2 dart slugs
  7 leopard geckos
  46 orcs
  9 giant cockroaches
  6 hobgoblins
  8 jackals
  6 quokkas
  4 ball pythons
  9 bats
  6 frilled lizards
  18 goblins
  A jackal skeleton (D:4)
  13 kobolds
  A leopard gecko skeleton (D:5)
  A leopard gecko zombie (D:8)
  A quokka zombie (D:5)
  5 rats
445 creatures vanquished.

Vanquished Creatures (others)
  An orc (D:12)
  A plant (D:9)
2 creatures vanquished.

Grand Total: 447 creatures vanquished

Notes
Turn   | Place    | Note
-------+----------+-------------------------------------------
     0 | D:1      | Ijustatesigmund the Ogre Hunter began the quest for the Orb.
     0 | D:1      | Reached XP level 1. HP: 22/22 MP: 1/1
    81 | D:1      | Reached skill level 3 in Fighting
   227 | D:1      | Reached XP level 2. HP: 24/32 MP: 2/2
   423 | D:2      | Reached skill level 4 in Fighting
  1233 | D:1      | Reached XP level 3. HP: 38/40 MP: 3/3
  1468 | D:2      | Reached skill level 1 in Maces & Flails
  1905 | D:2      | Noticed Robin
  1932 | D:2      | Reached XP level 4. HP: 14/49 MP: 4/4
  1937 | D:2      | Killed Robin
  1937 | D:2      | Reached skill level 5 in Fighting
  2824 | D:3      | Reached XP level 5. HP: 42/59 MP: 5/5
  3087 | D:3      | Noticed Terence
  3097 | D:3      | Killed Terence
  3097 | D:3      | Reached skill level 6 in Fighting
  3869 | D:4      | Reached XP level 6. HP: 64/68 MP: 6/6
  4103 | D:4      | Reached skill level 7 in Fighting
  4247 | D:4      | Got a heavily runed ivory amulet
  4248 | D:4      | Identified the amulet "Gorghako" {RegenMP +Inv Int+2} (You found it on level 4 of the Dungeon)
  4571 | D:4      | Found Zakap's Magic Scroll Shoppe.
  4614 | D:4      | Bought a scroll of enchant weapon for 90 gold pieces
  4614 | D:4      | Bought a scroll of enchant weapon for 90 gold pieces
  4614 | D:4      | Bought a scroll of fog for 24 gold pieces
  4614 | D:4      | Bought a scroll of identify for 24 gold pieces
  4807 | D:5      | Entered Level 5 of the Dungeon
  4824 | D:5      | Reached XP level 7. HP: 79/79 MP: 7/7
  4857 | D:5      | Reached skill level 8 in Fighting
  5250 | D:5      | Found a shadowy altar of Dithmenos.
  5354 | D:5      | Noticed Prince Ribbit
  5357 | D:5      | Reached skill level 5 in Maces & Flails
  5357 | D:5      | Reached XP level 8. HP: 37/91 MP: 8/8
  5383 | D:5      | Noticed Eustachio
  5598 | D:4      | Killed Prince Ribbit
  5598 | D:4      | Reached skill level 9 in Fighting
  5799 | D:5      | Killed Eustachio
  5894 | D:5      | Found Caqit's Gadget Emporium.
  6250 | D:5      | Found a runed door.
  6254 | D:5      | Noticed Crazy Yiuf
  6265 | D:5      | Killed Crazy Yiuf
  7073 | D:6      | Reached skill level 10 in Fighting
  7144 | D:6      | Found a staircase to the Ecumenical Temple.
  7150 | Temple   | Entered the Ecumenical Temple
  7208 | Temple   | Became a worshipper of Warmaster Okawaru
  7463 | D:6      | Found a white marble altar of Elyvilon.
  7659 | D:6      | Reached skill level 1 in Invocations
  7659 | D:6      | Reached XP level 9. HP: 98/101 MP: 9/9
  8565 | D:7      | Noticed Joseph
  9013 | D:7      | Killed Joseph
  9013 | D:7      | Reached * piety under Okawaru
  9122 | D:7      | Got a flickering platinum ring
  9207 | D:7      | Identified the ring of Qiskudaicu {+Fly rPois} (You found it on level 7 of the Dungeon)
  9233 | D:7      | Found a stormy altar of Qazlal.
  9369 | D:7      | Reached skill level 11 in Fighting
 10279 | D:8      | Noticed a two-headed ogre
 10364 | D:8      | Reached ** piety under Okawaru
 10367 | D:8      | Reached skill level 5 in Invocations
 10438 | D:8      | Reached XP level 10. HP: 106/114 MP: 13/13
 10729 | D:8      | Identified 3 scrolls of acquirement
 10732 | D:8      | Got a heavily jewelled robe
 10743 | D:8      | Identified the +2 robe of Odabuufi {rElec Regen+} (You acquired it on level 8 of the Dungeon)
 10859 | D:8      | Killed a two-headed ogre
 10859 | D:8      | Reached skill level 12 in Fighting
 10914 | D:8      | Noticed Gastronok
 10941 | D:8      | Killed Gastronok
 10941 | D:8      | Reached *** piety under Okawaru
 11014 | D:8      | Found Ehiak's Jewellery Shop.
 11092 | D:8      | Noticed Psyche
 11094 | D:8      | Killed Psyche
 11107 | D:8      | You fall through a shaft!
 11238 | D:8      | Found an opulent altar of Gozag.
 11449 | D:9      | Reached skill level 13 in Fighting
 11449 | D:9      | Reached XP level 11. HP: 103/127 MP: 14/16
 11463 | D:9      | Reached **** piety under Okawaru
 11478 | D:9      | Reached skill level 1 in Armour
 11920 | D:9      | Found a staircase to the Lair.
 12211 | Lair:1   | Entered Level 1 of the Lair of Beasts
 12400 | D:10     | Entered Level 10 of the Dungeon
 12454 | D:10     | Noticed a five-headed hydra
 12460 | D:10     | Killed a five-headed hydra
 12551 | D:10     | Noticed Erolcha
 12566 | D:10     | Killed Erolcha
 12566 | D:10     | Reached ***** piety under Okawaru
 12575 | D:10     | Gained mutation: You tend to lose your temper in combat. [mutagenic meat]
 12576 | D:10     | Gained mutation: Your muscles are strong. (Str +2) [mutagenic meat]
 12577 | D:10     | Gained mutation: You are robust. (+10% HP) [mutagenic meat]
 12859 | D:10     | Received a gift from Okawaru
 13043 | D:10     | Noticed Fannar
 13075 | D:10     | Killed Fannar
 13312 | D:10     | Noticed Urug
 13339 | D:10     | HP: 5/140 [Urug/scimitar of electrocution (16)]
 13344 | D:10     | HP: 3/140 [Urug/scimitar of electrocution (2)]
 13346 | D:10     | Killed Urug
 13346 | D:10     | Reached skill level 14 in Fighting
 13583 | D:10     | Noticed Erica
 13587 | D:10     | Killed Erica
 13687 | D:10     | Got a steaming tin ring
 13689 | D:10     | Identified the ring of Gluttony {Str+4 Dex+3 Stlth+} (You found it on level 10 of the Dungeon)
 13852 | D:10     | Reached skill level 5 in Throwing
 13866 | D:10     | Noticed an unseen horror
 13886 | D:10     | Killed an unseen horror
 13886 | D:10     | Received a gift from Okawaru
 13886 | D:10     | Reached XP level 12. HP: 89/152 MP: 19/19
 14100 | D:11     | Reached skill level 10 in Invocations
 14219 | D:11     | Found a frozen archway.
 14234 | IceCv    | Entered an ice cave
 14459 | IceCv    | Received a gift from Okawaru
 14757 | IceCv    | Reached skill level 10 in Maces & Flails
 15346 | IceCv    | Noticed a frost giant
 15363 | IceCv    | Killed a frost giant
 15882 | D:11     | Lost mutation: You are robust. (+10% HP) [potion of mutation]
 15882 | D:11     | Lost mutation: You tend to lose your temper in combat. [potion of mutation]
 15882 | D:11     | Lost mutation: Your muscles are strong. (Str +2) [potion of mutation]
 15882 | D:11     | Gained mutation: You have a pair of small horns on your head. [potion of mutation]
 15882 | D:11     | Gained mutation: Your flesh is cold resistant. (rC+) [potion of mutation]
 15882 | D:11     | Gained mutation: You possess an exceptional clarity of mind. [potion of mutation]
 16009 | D:11     | Reached skill level 15 in Fighting
 16087 | D:11     | Reached XP level 13. HP: 115/149 MP: 21/21
 16205 | D:11     | Noticed Josephine
 16396 | D:12     | Received a gift from Okawaru
 16551 | D:12     | Found a staircase to the Orcish Mines.
 16554 | D:12     | Noticed Harold
 16574 | D:12     | Killed Harold
 16584 | D:12     | Found Tobir's Armour Shoppe.
 16640 | Orc:1    | Entered Level 1 of the Orcish Mines
 16847 | Orc:2    | Entered Level 2 of the Orcish Mines
 16847 | Orc:2    | Found a staircase to the Elven Halls.
 16868 | Orc:2    | HP: 6/150 [warg (8)]
 17299 | Orc:2    | Noticed an ettin
 17910 | D:13     | Noticed Sonja
 17918 | D:13     | Killed Sonja
 17935 | D:13     | Received a gift from Okawaru
 18052 | D:13     | Got a slimy giant spiked club {god gift}
 18053 | D:13     | Identified the +5 giant spiked club "Imoixa" {pain, MR+} (Okawaru gifted it to you on level 13 of the Dungeon)
 18160 | D:12     | Reached skill level 16 in Fighting
 18223 | D:12     | Killed Josephine
 18373 | D:11     | Reached ****** piety under Okawaru
 18655 | Lair:1   | Learned a level 4 spell: Animate Dead
 18666 | Lair:1   | Received a gift from Okawaru
 18666 | Lair:1   | Reached skill level 1 in Necromancy
 18719 | Lair:1   | HP: 6/153 [yak (11)]
 18964 | Lair:1   | Received a gift from Okawaru
 19085 | Lair:1   | Reached XP level 14. HP: 162/162 MP: 23/23
 19357 | Lair:1   | HP: 1/162 [six-headed hydra (12)]
 19357 | Lair:1   | Slain by a six-headed hydra

Vault maps used:
D:1:      minmay_arrival_four_loops, grunt_decor_clamped, minivault_24,
          minmay_misc_feat_cross, minmay_close_crescents
D:2:      feat_on_display, uniq_robin
D:3:      uniq_terence
D:4:      serial_shops, nicolae_shop_waterfront
D:5:      cheibrodos_fzero, first_bread, serial_shops, shop,
          nicolae_dithmenos_through_a_glass_darkly, uniq_eustachio,
          uniq_crazy_yiuf_cottage, uniq_prince_ribbit1
D:6:      minmay_temple_entry_hall, elyvilon_altar_1
D:7:      basic_altar, uniq_joseph
D:8:      kennysheep_mini_moat, serial_shops, shop, serial_curves,
          eino_curves_02, eino_curves_01, eino_curves_04, uniq_psyche,
          uniq_gastronok
D:9:      david_lair_shrubbed
D:10:     uniq_erolcha, uniq_fannar, uniq_urug, uniq_erica
D:11:     portal_ice_cave_entry_ice_beasts, uniq_josephine
D:12:     minmay_shoctagon, orc_david_3, uniq_harold
D:13:     the_bakery, uniq_sonja
Temple:   minmay_crystal_snake_temple
Lair:1:   cheibrodos_lair_river_kwai, beast_lair_carwin_8
Orc:2:    grunt_orc_gardens, grunt_orc_garden, grunt_orc_garden,
          grunt_orc_garden, grunt_orc_garden, basic_altar
IceCv:    ice_cave_small_giant

Skill      XL: |  1  2  3  4  5  6  7  8  9 10 11 12 13 14 |
---------------+-------------------------------------------+-----
Fighting       | 3 4 5 6 7 8 10 11 13 14 15 16 | 16.2
Maces & Flails | 1 2 3 4 5 6 7 8 9 10 11 | 11.7
Dodging        | 2 4 |  4.2
Invocations    | 1 5 7 9 11 13 | 13.0
Armour         | 3 |  3.2
Throwing       | 5 6 |  6.5
Necromancy     | 3 4 |  4.7
Stealth        | |  0.6

Action                   |  1- 3 |  4- 6 |  7- 9 | 10-12 | 13-15 || total
-------------------------+-------+-------+-------+-------+-------++-------
Melee: Short sword       |    56 |       |       |       |       ||    56
       Whip              |   123 |     5 |       |       |       ||   128
       Club              |       |   176 |   167 |       |       ||   343
       Mace              |       |       |   246 |   526 |       ||   772
       Great mace        |       |       |       |     4 |       ||     4
       Punch             |       |       |       |     7 |       ||     7
       Giant spiked club |       |       |       |   114 |   262 ||   376
       Headbutt          |       |       |       |     4 |    56 ||    60
Throw: Large rock        |    10 |     7 |    23 |    36 |     4 ||    80
       Throwing net      |     2 |       |       |     2 |       ||     4
Invok: Heroism           |       |       |     2 |    17 |     9 ||    28
       Finesse           |       |       |       |     1 |     2 ||     3
Evoke: Wand              |       |       |     3 |     9 |       ||    12
  Use: Potion            |     5 |     1 |     2 |     3 |     2 ||    13
       Scroll            |     1 |     6 |    10 |    15 |     6 ||    38
 Stab: Sleeping          |     1 |     2 |     2 |       |    11 ||    16
  Eat: Chunk             |     3 |     8 |    13 |    19 |     9 ||    52
       Royal jelly       |       |     1 |     2 |     2 |     1 ||     6
Armor: Robe              |    75 |    56 |   143 |   317 |    78 ||   669
Dodge: Dodged            |   147 |   123 |   254 |   561 |   218 ||  1303
       Deflected         |       |       |     5 |     8 |     7 ||    20
